 Dungeon Crawl Stone Soup version 0.28-a0-239-g68911e0c57 (webtiles) character file.

Game seed: 9551839915449990755

1235 robertstho the Magician (level 8, -5/52 HPs)
             Began as a Djinni Fire Elementalist on Aug 23, 2021.
             Slain by an orc warrior (19 damage)
             ... on level 6 of the Dungeon.
             The game lasted 00:10:53 (8044 turns).

robertstho the Magician (Djinni Fire Elementalist)  Turns: 8044, Time: 00:10:55

Health: -5/52      AC:  3    Str:  7    XL:     8   Next: 77%
Gold:   452        EV: 14    Int: 18    God:
                   SH:  0    Dex: 21

rFire   + + +      SeeInvis .   E - staff of fire
rCold   x . .      Faith    .   (no shield)
rNeg    . . .      Spirit   .   a - +0 robe
rPois   ∞          Reflect  .   (no helmet)
rElec   .          Harm     .   B - +0 cloak
rCorr   .          Rampage  .   (no gloves)
Will    .....                   (boots unavailable)
Stlth   +++.......              (no amulet)
HPRegen 0.17/turn               j - ring of protection from fire
MPRegen 0.00/turn               l - +6 ring of dexterity

@: flying
A: sickness immunity, fire resistance 2, cold vulnerability 1, float, innate
caster, hp casting, extra vitality 1
a: no special abilities


You were on level 6 of the Dungeon.
You visited 1 branch of the dungeon, and saw 6 of its levels.
You also visited: Ossuary.

You collected 452 gold pieces.

Inventory:

Hand Weapons
 o - a +2 vampiric short sword
 r - a +2 short sword of speed
 w - a +2 trident of venom
Missiles
 F - a throwing net
Armour
 a - a +0 robe (worn)
 B - a +0 cloak (worn)
Magical Staves
 e - a staff of air
 E - a staff of fire (weapon)
Jewellery
 j - a ring of protection from fire (left hand)
 l - a +6 ring of dexterity (right hand)
 C - a ring of ice
Wands
 z - a wand of charming (3)
 D - a wand of polymorph (5)
Scrolls
 f - a scroll of blinking {unknown}
 g - 2 scrolls of silence {unknown}
 i - 3 scrolls of teleportation
 k - a scroll of noise {unknown}
 n - 3 scrolls of fear
 q - a scroll of vulnerability
 t - a scroll of torment {unknown}
 v - a scroll of enchant weapon {unknown}
 y - a scroll of brand weapon {unknown}
 A - 2 scrolls of identify
Potions
 b - 2 potions of flight {unknown}
 c - 2 potions of invisibility {unknown}
 d - a potion of brilliance {unknown}
 h - a potion of ambrosia {unknown}
 m - 3 potions of curing
 p - 2 potions of attraction
 s - a potion of cancellation {unknown}
 u - 2 potions of lignification {unknown}
 x - a potion of haste


   Skills:
 + Level 1.6 Fighting
 + Level 1.1 Polearms
 + Level 3.7 Dodging
 + Level 3.9 Stealth
 + Level 6.7 Spellcasting


You couldn't memorise any spells.
You knew the following spells:

 Your Spells              Type           Power      Damage    Failure   Level
a - Foxfire               Conj/Fire      100%       2x1d9     1%          1
b - Conjure Flame         Conj/Fire      45%        6-21      1%          3
c - Inner Flame           Hex/Fire       45%        N/A       1%          3
d - Sticky Flame          Conj/Fire      45%        2d6       7%          4
e - Fireball              Conj/Fire      22%        3d10      19%         5
f - Apportation           Tloc           60%        N/A       1%          1
g - Call Imp              Summ           30%        N/A       1%          2
h - Searing Ray           Conj           60%        3d5       1%          2
Your spell library was empty.

Dungeon Overview and Level Annotations

Branches:
Dungeon (6/15)            Ossuary (visited)
 Temple: D:4-7

Altars:
Ashenzari
Cheibriados
Okawaru
Trog

Annotations:
D:6 Edmund


Innate Abilities, Weirdness & Mutations

You are immune to sickness and miasma.
You are immune to poison.
Your flesh is very heat resistant. (rF++)
You are vulnerable to cold. (rC-)
You float through the air rather than walking.
You learn spells naturally, not from books.
Your magical power is your life essence.
You have superior vitality. (+4 HP)


Message History

The foxfire hits the orc wizard!
You kill the orc wizard!
Things that are here:
a +0 dagger; a +0 robe; an orc corpse An orc priest comes into view.
It is wielding a +0 hand axe.
The orc priest moves out of view.
An orc warrior comes into view. It is wielding a +0 halberd.
The orc warrior shouts!
Casting: Foxfire (safe; 1% risk of failure)
Press: ? - help, Q - select action, (/) - cycle Dir - look around, f - activate You feel a surge of power!
You conjure some foxfire!
Unknown command.
Casting: Foxfire (safe; 1% risk of failure)
Press: ? - help, Q - select action, (/) - cycle Dir - look around, f - activate You feel a surge of power!
You conjure some foxfire!
The foxfire hits the orc warrior but does no damage. x2
Unknown command.
Casting: Foxfire (safe; 1% risk of failure)
Press: ? - help, Q - select action, (/) - cycle Dir - look around, f - activate You feel a surge of power!
You conjure some foxfire!
The foxfire hits the orc warrior but does no damage. x2
Unknown command.
Casting: Foxfire (safe; 1% risk of failure)
Press: ? - help, Q - select action, (/) - cycle Dir - look around, f - activate You feel a surge of power!
You conjure some foxfire!
The foxfire hits the orc warrior but does no damage.
The orc warrior hits you from afar with a +0 halberd.
* * * LOW HITPOINT WARNING * * *
Casting: Foxfire (safe; 1% risk of failure)
Press: ? - help, Q - select action, (/) - cycle Dir - look around, f - activate You feel a surge of power!
You conjure some foxfire!
* * * LOW HITPOINT WARNING * * *
The foxfire hits the orc warrior.
The orc warrior is moderately wounded.
The foxfire hits the orc warrior but does no damage.
The orc warrior is moderately wounded.
The foxfire hits the orc warrior but does no damage.
The orc warrior is moderately wounded.
The orc warrior hits you from afar with a +0 halberd!!
You die...

..........# ###.#.....
............# #.#.##.#
.............#####.#.##.#
.............'..))..>##+#
#........(...####÷.......
.#............# #........
..............# #........
........§v...# #........
....o.o.@§(..# #.....###
####...§v.### #.....###
..## #......# #.....###
...# #).....# #......#.
..# #......# #......#.
#######'###......#
#####.._.
.........##......# #..#.
.........##......# #..#.
..........#).....# ##.###


You could see an orc warrior (ally target) and an orc priest.

Vanquished Creatures
  2 ogres
  A phantom (D:4)
  Blork the orc (D:4)
  2 scorpions
  A water moccasin skeleton (D:4)
  A hound (D:5)
  Crazy Yiuf (D:4)
  3 orc priests
  2 gnoll shamans
  A bullfrog skeleton (D:5)
  2 orc wizards
  An iguana (D:6)
  Ijyb (D:4)
  Natasha (thrice) (D:4)
  8 mummies (Ossuary)
  9 gnolls
  3 adders
  A shadow imp (D:5)
  2 white imps
  3 ufetubi
  An adder skeleton (D:4)
  2 dart slugs
  9 orcs
  9 ball pythons
  6 endoplasms
  2 giant cockroaches
  7 goblins
  11 hobgoblins
  6 jackals
  A quokka (D:1)
  11 bats
  5 frilled lizards
  3 hobgoblin zombies (Ossuary)
  7 kobolds
  2 kobold zombies (Ossuary)
  3 orc zombies (Ossuary)
  2 quokka zombies (D:4)
  5 rats
140 creatures vanquished.

Vanquished Creatures (others)
  658 foxfires
  2 fungi (D:4)
  2 plants (D:3)
662 creatures vanquished.

Grand Total: 802 creatures vanquished

Notes
Turn   | Place    | Note
-------+----------+-------------------------------------------
     0 | D:1      | robertstho the Djinni Fire Elementalist began the quest for
                  | the Orb.
     0 | D:1      | Reached XP level 1. HP: 15/15 MP: 0/0
   478 | D:1      | Reached XP level 2. HP: 11/21 MP: 0/0
  1229 | D:1      | Reached XP level 3. HP: 24/25 MP: 0/0
  1229 | D:1      | Learned a level 1 spell: Apportation
  1378 | D:1      | Reached skill level 3 in Spellcasting
  2300 | D:2      | Found a faded altar of an unknown god.
  2484 | D:2      | Reached XP level 4. HP: 25/31 MP: 0/0
  3093 | D:3      | Reached XP level 5. HP: 16/36 MP: 0/0
  3093 | D:3      | Learned a level 2 spell: Call Imp
  3188 | D:3      | Reached skill level 4 in Spellcasting
  3819 | D:3      | Found an iron altar of Okawaru.
  4076 | D:3      | Found a bloodstained altar of Trog.
  4080 | D:3      | Found a snail-covered altar of Cheibriados.
  4268 | D:4      | Found a sand-covered staircase.
  4282 | Ossuary  | Entered an ossuary
  4499 | Ossuary  | Reached XP level 6. HP: 30/41 MP: 0/0
  5090 | D:4      | Noticed Natasha
  5099 | D:4      | Killed Natasha
  5353 | D:4      | Noticed Natasha
  5355 | D:4      | Killed Natasha
  5371 | D:4      | Reached XP level 7. HP: 40/46 MP: 0/0
  5371 | D:4      | Learned a level 2 spell: Searing Ray
  5541 | D:4      | Noticed Natasha
  5546 | D:4      | Killed Natasha
  5547 | D:4      | Reached skill level 5 in Spellcasting
  6167 | D:4      | Noticed Ijyb
  6175 | D:4      | Killed Ijyb
  6188 | D:4      | Noticed Blork the orc
  6195 | D:4      | Killed Blork the orc
  6502 | D:4      | Found a runed translucent door.
  6503 | D:4      | Noticed Crazy Yiuf
  6700 | D:4      | Killed Crazy Yiuf
  6701 | D:4      | Reached XP level 8. HP: 30/51 MP: 0/0
  6860 | D:5      | Entered Level 5 of the Dungeon
  6868 | D:5      | Reached skill level 1 in Fighting
  6933 | D:5      | Reached skill level 6 in Spellcasting
  7312 | D:5      | Reached skill level 1 in Polearms
  7623 | D:6      | Found a broken altar of Ashenzari.
  8003 | D:6      | Noticed Edmund
  8044 | D:6      | Slain by an orc warrior

Illustrated notes

Levels and vault maps discovered:
D:1:      lemuel_arrival_rhombus, layout_basic, dk_noncrumbling_2, moated_statue
D:2:      layout_basic, hellmonk_ecumenical_altar_lost_god, minmay_tetromino_t4
D:3:      layout_loops_ring, okawaru_ov_weapons_minmay, minitemple,
          corexii_shack
D:4:      layout_loops_ring, enter_ossuary_4, uniq_natasha, uniq_blork_the_orc,
          uniq_ijyb, uniq_crazy_yiuf_cottage
D:5:      layout_cave_pools
D:6:      layout_basic, cheibrodos_ashenzari_chains,
          nicolae_overflow_hidden_temple, kennysheep_orc_sif_temple,
          minmay_temple_entry_nine_rooms, kennysheep_small_square,
          uniq_eustachio, uniq_grinder, uniq_edmund

Skill      XL: |  1  2  3  4  5  6  7  8 |
---------------+-------------------------+-----
Spellcasting   | 3 4 5 6 |  6.7
Stealth        | 2 3 |  3.9
Dodging        | 3 |  3.7
Fighting       | 1 |  1.6
Polearms       | 1 |  1.1

Action                   |  1- 3 |  4- 6 |  7- 9 || total
-------------------------+-------+-------+-------++-------
Melee: Trident           |       |       |    20 ||    20
 Cast: Foxfire           |   114 |   173 |   118 ||   405
       Sticky Flame      |       |     1 |     5 ||     6
       Searing Ray       |       |       |     4 ||     4
  Use: Scroll            |       |     5 |     1 ||     6
       Potion            |       |       |     2 ||     2
Armor: Robe              |     3 |     1 |     2 ||     6
Dodge: Dodged            |     9 |    16 |    14 ||    39

Table legend: (Time is in decaauts)
 A = Elapsed time spent in this place.
 B = Non-inter-level travel time spent in this place.
 C = Inter-level travel time spent in this place.
 D = Time resting spent in this place.
 E = Time spent auto-exploring this place.
 F = Levels seen in this place.
 G = Mean time per level.
                   A        B        C        D        E       F      G
               +--------+--------+--------+--------+--------+-----+--------+
         Total |   8047 |   7908 |    139 |    431 |   6471 |   7 | 1149.6 |
       Dungeon |   7364 |   7225 |    139 |    431 |   5910 |   6 | 1227.3 |
       Ossuary |    682 |    682 |      0 |      0 |    561 |   1 |  682.0 |
               +--------+--------+--------+--------+--------+-----+--------+

Top non-repeatable levels by time:
     D:4: 1936 daAuts
     D:1: 1655 daAuts
     D:3: 1434 daAuts
     D:2: 1154 daAuts
     D:5: 704 daAuts
 Ossuary: 682 daAuts
     D:6: 478 daAuts
